AoeStats
← KTS_of_NI

MegaRandom

505415326Analyzed
1v1 RM · 22d ago on Sep 9, 2026· 48m 3s· 2 players
Game mode
Random Map
Map size
Tiny (2 player)
Population
200
Speed
Normal
Resources
Standard
Victory
Conquest
Starting age
Dark Age
Ending age
Imperial Age
RankedLock teamsTeams togetherTeam positionsShared explorationLock speedFull tech treeHidden civsTurbo modeCheats
Victory
Defeat
🇳🇨 Huns · New Caledonia
1112
+17
🇫🇷 Hindustanis · France
1124
-17
BenObear
0:26 Loom
10:19 Feudal Age
11:30 Double-Bit Axe
16:27 Bloodlines
21:37 Horse Collar
24:39 Castle Age
23:42 Bloodlines
23:25 Fletching
24:44 Forging
25:43 Bow Saw
26:05 Husbandry
26:46 Light Cavalry
28:20 Padded Archer Armor
29:01 Scale Mail Armor
30:25 Bodkin Arrow
32:15 Iron Casting
31:48 Scale Barding Armor
31:19 Pikeman
33:06 Ballistics
33:05 Leather Archer Armor
34:16 Gold Mining
35:05 Wheelbarrow
35:27 Squires
37:25 Heavy Plow
38:55 Hand Cart
39:04 Thumb Ring
39:15 Scale Mail Armor
39:32 Town Watch
44:51 Imperial Age
43:03 Chain Barding Armor
42:36 Stone Mining
43:19 Marauders
44:29 Iron Casting
45:59 Gold Shaft Mining
46:22 Parthian Tactics
45:20 Cavalier
47:43 Two-Man Saw
47:24 Conscription
48:14 Blast Furnace
47:15 Bracer
KTS_of_NI
7:51 Loom
10:06 Feudal Age
10:44 Double-Bit Axe
13:25 Fletching
24:14 Castle Age
22:54 Gold Mining
22:58 Horse Collar
23:53 Bloodlines
24:45 Scale Barding Armor
27:14 Forging
28:15 Husbandry
30:42 Iron Casting
31:11 Elite Skirmisher
32:19 Bodkin Arrow
32:45 Chain Barding Armor
35:02 Padded Archer Armor
38:56 Light Cavalry
46:15 Leather Archer Armor
48:31 Ballistics
Connection lost

Rejoining the realm…

Still unreachable

The connection could not be restored.

Session expired

The server has moved on; the page needs a fresh start.